 Dungeon Crawl Stone Soup version 0.30.0-29-ga12c61a403 (webtiles) character file.

Game seed: 14654003554142846531

3261 qw the Cleaver (level 10, -6/63 HPs)
             Began as a Gargoyle Fighter on June 3, 2023.
             Mangled by Grum
             ... wielding a +1 spear
              (8 damage)
             ... on level 8 of the Dungeon.
             The game lasted 00:03:02 (6511 turns).

qw the Cleaver (Gargoyle Fighter)                   Turns: 6511, Time: 00:03:03

Health: -6/63      AC: 31    Str: 28    XL:     10   Next: 0%
Magic:  10/10      EV:  8    Int: 11    God:
Gold:   389        SH:  4    Dex:  9    Spells: 9/9 levels left

rFire   . . .        m - +1 war axe
rCold   . . .        c - +0 buckler
rNeg    + + +        x - +0 plate armour
rPois   inf          o - +0 helmet
rElec   +            r - +0 cloak
rCorr   .            p - +2 pair of gloves
SInv    .            e - +0 pair of boots
Will    +....        g - amulet "Zes Zier" {Acrobat rN+ Str+3 Int+3} Stlth
                     i - ring "Guud" {rPois rN+ Will+}
HPRegen 0.30/turn    t - +4 ring of protection
MPRegen 0.12/turn

%: acrobat
@: about to teleport
A: sickness immunity, AC +7, negative energy resistance 1, electricity
resistance, torment resistance 1, petrification resistance
a: no special abilities


You were on level 8 of the Dungeon.
You visited 2 branches of the dungeon, and saw 9 of its levels.

You collected 547 gold pieces.
You spent 158 gold pieces at shops.


Innate Abilities, Weirdness & Mutations

You are immune to sickness and miasma.
Your stone body is resilient. (AC +7)
You are immune to poison.
You resist negative energy. (rN+)
You are resistant to electric shocks. (rElec)
You are resistant to unholy torment.
You are immune to petrification.


   Skills:
 - Level 7.0 Fighting
 + Level 9.3 Axes
 - Level 2.4 Throwing
 - Level 7.0 Armour
 - Level 2.2 Dodging
 - Level 4.5 Shields


You had 9 spell levels left.
You didn't know any spells.
Your spell library was empty.

Inventory:

Hand Weapons
 m - a +1 war axe (weapon)
 y - a +2 flail of protection
Missiles
 l - a boomerang (quivered)
Armour
 c - a +0 buckler (worn)
 e - a +0 pair of boots (worn)
 n - a +1 chain mail of cold resistance
 o - a +0 helmet (worn)
 p - a +2 pair of gloves (worn)
 r - a +0 cloak (worn)
 x - a +0 plate armour (worn)
 z - a +0 chain mail of fire resistance
Jewellery
 g - the amulet "Zes Zier" (around neck) {Acrobat rN+ Str+3 Int+3}
   (You found it on level 2 of the Dungeon)

   [amulet of the acrobat]

   It increases your evasion while moving and waiting.
   Str:       It affects your strength (+3).
   Int:       It affects your intelligence (+3).
   rN:        It protects you from negative energy.
 i - the ring "Guud" (left hand) {rPois rN+ Will+}
   (You acquired it on level 7 of the Dungeon)

   [ring of positive energy]

   rPois:     It protects you from poison.
   rN:        It protects you from negative energy.
   Will:      It increases your willpower.
 t - a +4 ring of protection (right hand)
 Y - a +6 ring of dexterity
Scrolls
 j - a scroll of identify
 A - a scroll of torment {unknown}
 B - a scroll of teleportation
Potions
 a - a potion of mutation
 b - 2 potions of haste
 d - 4 potions of might
 f - 2 potions of attraction
 h - a potion of cancellation
 k - a potion of degeneration {unknown}
 q - a potion of curing
 s - a potion of brilliance {unknown}
 u - a potion of heal wounds {unknown}
 v - a potion of flight {unknown}
 w - a potion of lignification {unknown}

Dungeon Overview and Level Annotations

Branches:
Dungeon (8/15)             Temple (1/1) D:6
   Lair: D:8-11

Altars:
Ashenzari
Cheibriados
Dithmenos
Fedhas
Gozag
Hepliaklqana
Kikubaaqudgha
Makhleb
Nemelex Xobeh
Qazlal
Ru
Sif Muna
Trog
Vehumet
Wu Jian
Xom
Yredelemnul
Zin
The Shining One

Shops:
D:4 [   D:6 :[=*

Annotations:
D:7 2 runed translucent doors, 2 transporters
D:8 Grum


Message History

The wolf closely misses you. The wolf bites you but does no damage.
The wolf completely misses you. The wolf bites you but does no damage.
You closely miss the wolf.
The wolf is almost dead.
You hit the wolf but do no damage. The wolf closely misses you.
The wolf bites you. The wolf barely misses you. The wolf closely misses you.
You miss the wolf.
The wolf is almost dead.
You slash the wolf!
You kill the wolf!
The wolf bites you but does no damage. The wolf barely misses you.
You slash the wolf!
You kill the wolf!
You have reached level 10!
You barely miss the orc. Grum hits you but does no damage.
You slash the orc!
You kill the orc!
You hit something but do no damage.
Grum hits you from afar with a +1 spear!
The orc completely misses you. Something hits you but does no damage.
Grum hits you with a +1 spear.
There is an open door, spattered with blood here.
You see here a wolf corpse.
You barely miss Grum. You slash the orc!
You kill the orc!
You hit something.
You hear some strange, mumbled words.
A magic dart appears from out of thin air!
The magic dart hits you but does no damage.
Grum hits you with a +1 spear!
6510 ||| READING 2 scrolls of teleportation.
As you read the scroll of teleportation, it crumbles to dust.
You feel strangely unstable. You block something's attack.
Grum hits you with a +1 spear!
You closely miss Grum. You miss something.
Something hits you but does no damage. Grum barely misses you.
Something hits you but does no damage. Grum hits you with a +1 spear!
You die...

#.............###.....#
#.####.#.#.##..#.####.#
#.# #.#.#.##.#.#####.###
#.# #[#.#.##...........#
#.####.....##########.#.#
#..........# #.#.#
#.####..<.## #.#.# #.#
#.#{.# #.#.# ##.## ####@#
#.#.# #...# #.g)..#
######.#.#
#.#.##.....[...##......#.#
#...#..}.....}..########
#####.....}.....#
##._.###._.## #### ####


You could see Grum.

Vanquished Creatures
  Grinder (D:4)
  A steam dragon (D:7)
  Edmund (D:5)
  2 water moccasins
  An orc warrior (D:6)
  2 sky beasts
  An ice beast (D:3)
  A black bear (D:6)
  3 ogres
  2 wolves (D:8)
  2 centaurs
  2 kobold brigands (D:6)
  3 phantoms
  3 scorpions
  4 wights (D:6)
  A howler monkey (D:4)
  3 orc priests
  4 hounds
  A sleepcap (D:5)
  5 iguanas
  3 orc wizards
  Natasha (D:3)
  A mummy (D:6)
  Robin (D:3)
  11 gnolls
  9 adders
  2 white imps
  An ufetubus (D:6)
  A dart slug (D:2)
  14 orcs
  5 endoplasms
  A giant cockroach (D:2)
  10 goblins
  13 hobgoblins
  2 jackals (D:1)
  6 quokkas
  8 ball pythons
  A bat (D:3)
  A frilled lizard (D:1)
  A hobgoblin zombie (D:6)
  10 kobolds
  An orc zombie (D:6)
  7 rats
153 creatures vanquished.

Notes
Turn   | Place    | Note
-------+----------+-------------------------------------------
     0 | D:1      | qw the Gargoyle Fighter began the quest for the Orb.
     0 | D:1      | Reached XP level 1. HP: 14/14 MP: 1/1
     0 | D:1      | 0 ||| qw: Version: 0.2-a-103-g5a998e5
     0 | D:1      | 0 ||| qw: Game counter: 1019
     0 | D:1      | 0 ||| qw: Always use a shield: true
     0 | D:1      | 0 ||| qw: God list: Okawaru
     0 | D:1      | 0 ||| qw: Allow faded altars: false
     0 | D:1      | 0 ||| qw: Do Orc after D:15 true
     0 | D:1      | 0 ||| qw: Do second Lair branch before Depths: true
     0 | D:1      | 0 ||| qw: Lair rune preference: random
     0 | D:1      | 0 ||| qw: Plans: Normal, Zot:1-4, Slime:5, God:TSO, Crypt,
                  | Tomb, Pan, Hells, Abyss, Win
     0 | D:1      | 0 ||| PLANNING D:1-11
    14 | D:1      | 14 ||| Stepping ~*~*~tactically~*~*~ (stealth).
    15 | D:1      | 15 ||| Stepping ~*~*~tactically~*~*~ (stealth).
    16 | D:1      | 16 ||| Stepping ~*~*~tactically~*~*~ (stealth).
    17 | D:1      | 17 ||| Stepping ~*~*~tactically~*~*~ (stealth).
    24 | D:1      | Reached skill level 2 in Axes
   106 | D:1      | Reached XP level 2. HP: 19/19 MP: 2/2
   296 | D:1      | 296 ||| Stepping ~*~*~tactically~*~*~ (stealth).
   297 | D:1      | 297 ||| Stepping ~*~*~tactically~*~*~ (stealth).
   298 | D:1      | 298 ||| Stepping ~*~*~tactically~*~*~ (stealth).
   321 | D:1      | 321 ||| Stepping ~*~*~tactically~*~*~ (stealth).
   330 | D:1      | Reached skill level 3 in Axes
   333 | D:1      | 333 ||| FLEEEEING.
   334 | D:1      | 334 ||| FLEEEEING.
   335 | D:1      | 335 ||| FLEEEEING.
   400 | D:1      | Reached XP level 3. HP: 23/23 MP: 3/3
   471 | D:1      | 471 ||| Stepping ~*~*~tactically~*~*~ (stealth).
   472 | D:1      | 472 ||| Stepping ~*~*~tactically~*~*~ (stealth).
   702 | D:1      | 702 ||| UPGRADING to +0 pair of boots.
   707 | D:1      | 707 ||| UPGRADING to +0 chain mail of cold resistance.
   717 | D:1      | 717 ||| DROPPING +0 scale mail.
   718 | D:1      | 718 ||| DROPPING ring of wizardry.
   719 | D:1      | 719 ||| READING scroll labelled UQAT ILEOSCH.
   720 | D:1      | 720 ||| READING scroll labelled ILYJEM ATECAS.
   805 | D:2      | Identified the amulet "Zes Zier" {Acrobat rN+ Str+3 Int+3}
   980 | D:2      | You fall into a shaft and drop 1 floor!
  1074 | D:3      | Reached skill level 1 in Throwing
  1074 | D:3      | Reached XP level 4. HP: 20/28 MP: 4/4
  1090 | D:3      | 1090 ||| Stepping ~*~*~tactically~*~*~ (stealth).
  1104 | D:3      | 1104 ||| UPGRADING to +0 helmet.
  1109 | D:3      | 1109 ||| UPGRADING to amulet "Zes Zier" {Acrobat rN+ Str+3
                  | Int+3}.
  1114 | D:3      | 1114 ||| READING scroll labelled KYLA RYIFIR.
  1115 | D:3      | 1115 ||| READING scroll labelled YRPHAS JE XONLA.
  1116 | D:3      | 1116 ||| READING scroll labelled NYOCAN QOET.
  1345 | D:2      | 1345 ||| Stepping ~*~*~tactically~*~*~ (hiding).
  1752 | D:2      | 1752 ||| UPGRADING to +0 cloak.
  1757 | D:2      | 1757 ||| READING scroll labelled YRUIHA NOHA.
  1758 | D:2      | 1758 ||| DRINKING 2 puce potions.
  1863 | D:2      | 1863 ||| DRINKING 2 bubbling coppery potions.
  1864 | D:2      | 1864 ||| READING 2 scrolls of identify.
  1864 | D:2      | 1864 ||| IDENTIFYING cyan potion
  1865 | D:2      | 1865 ||| DROPPING potion of berserk rage.
  1945 | D:3      | Noticed an ice beast
  1955 | D:3      | Killed an ice beast
  1956 | D:3      | Reached skill level 4 in Axes
  1956 | D:3      | Reached XP level 5. HP: 25/32 MP: 5/5
  1984 | D:3      | 1984 ||| DROPPING +0 club.
  2110 | D:3      | Reached skill level 5 in Axes
  2170 | D:3      | Reached XP level 6. HP: 37/37 MP: 6/6
  2170 | D:3      | 2170 ||| Stepping ~*~*~tactically~*~*~ (hiding).
  2188 | D:3      | HP: 6/38 [gnoll/+0 halberd (6)]
  2313 | D:3      | 2313 ||| DROPPING +0 whip of flaming.
  2367 | D:3      | Noticed Robin
  2381 | D:3      | Killed Robin
  2387 | D:3      | 2387 ||| Stepping ~*~*~tactically~*~*~ (stealth).
  2463 | D:3      | Found a stormy altar of Qazlal.
  2464 | D:3      | Noticed Natasha
  2465 | D:3      | 2465 ||| Stepping ~*~*~tactically~*~*~ (hiding).
  2467 | D:3      | 2467 ||| Stepping ~*~*~tactically~*~*~ (hiding).
  2479 | D:3      | Killed Natasha
  2653 | D:3      | 2653 ||| UPGRADING to +1 chain mail of cold resistance.
  2663 | D:3      | 2663 ||| DROPPING +0 chain mail of cold resistance.
  2664 | D:3      | 2664 ||| READING scroll labelled GAEDOPURIX.
  2665 | D:3      | 2665 ||| READING 2 scrolls of identify.
  2665 | D:3      | 2665 ||| IDENTIFYING bubbling inky potion
  2717 | D:4      | Noticed Grinder
  2726 | D:4      | Killed Grinder
  2727 | D:4      | Reached skill level 6 in Axes
  2727 | D:4      | Reached XP level 7. HP: 40/43 MP: 7/7
  2849 | D:4      | Reached skill level 1 in Dodging
  2910 | D:4      | 2910 ||| Stepping ~*~*~tactically~*~*~ (stealth).
  2911 | D:4      | 2911 ||| Stepping ~*~*~tactically~*~*~ (stealth).
  2912 | D:4      | 2912 ||| Stepping ~*~*~tactically~*~*~ (stealth).
  2980 | D:4      | Found Agaom's Antique Armour Boutique.
  2999 | D:4      | Reached skill level 7 in Axes
  3043 | D:4      | 3043 ||| BUYING pair of gloves (103 gold).
  3043 | D:4      | Bought a pair of gloves for 103 gold pieces
  3043 | D:4      | 3043 ||| SHOPLISTING pair of runed gloves (172 gold, have
                  | 129).
  3568 | D:4      | 3568 ||| UPGRADING to +0 pair of gloves.
  3573 | D:4      | 3573 ||| UPGRADING to +6 ring of dexterity.
  3574 | D:4      | 3574 ||| READING scroll labelled GAWAOR HASO.
  3575 | D:4      | 3575 ||| READING 3 scrolls of identify.
  3575 | D:4      | 3575 ||| IDENTIFYING smoky brown potion
  3576 | D:4      | 3576 ||| READING 2 scrolls of identify.
  3576 | D:4      | 3576 ||| IDENTIFYING viscous white potion
  3602 | D:5      | Entered Level 5 of the Dungeon
  3618 | D:5      | 3618 ||| Stepping ~*~*~tactically~*~*~ (stealth).
  3619 | D:5      | 3619 ||| Stepping ~*~*~tactically~*~*~ (stealth).
  3624 | D:5      | Reached XP level 8. HP: 48/48 MP: 8/8
  3641 | D:5      | 3641 ||| READING scroll of enchant armour.
  3641 | D:5      | 3641 ||| ENCHANTING +0 pair of gloves.
  3902 | D:5      | Noticed Edmund
  3912 | D:5      | Killed Edmund
  3981 | D:5      | 3981 ||| DROPPING +0 flail.
  4181 | D:5      | 4181 ||| UPGRADING to +0 plate armour.
  4191 | D:5      | 4191 ||| DROPPING amulet of the acrobat.
  4192 | D:5      | 4192 ||| UPGRADING to +4 ring of protection.
  4220 | D:6      | 4220 ||| PLANNING OSSUARY
  4259 | D:6      | 4259 ||| Stepping ~*~*~tactically~*~*~ (hiding).
  4260 | D:6      | 4260 ||| Stepping ~*~*~tactically~*~*~ (hiding).
  4261 | D:6      | 4261 ||| Stepping ~*~*~tactically~*~*~ (hiding).
  4262 | D:6      | 4262 ||| Stepping ~*~*~tactically~*~*~ (hiding).
  4264 | D:6      | 4264 ||| Stepping ~*~*~tactically~*~*~ (hiding).
  4281 | D:6      | Reached skill level 8 in Axes
  4334 | D:6      | 4334 ||| Stepping ~*~*~tactically~*~*~ (stealth).
  4368 | D:6      | 4368 ||| Stepping ~*~*~tactically~*~*~ (stealth).
  4387 | D:6      | 4387 ||| Stepping ~*~*~tactically~*~*~ (stealth).
  4433 | D:6      | Found Ciwuul's Jewellery Shoppe.
  4447 | D:6      | 4447 ||| SHOPLISTING +5 ring of evasion (432 gold, have
                  | 262).
  4447 | D:6      | 4447 ||| SHOPLISTING amulet of reflection (360 gold, have
                  | 262).
  4447 | D:6      | 4447 ||| SHOPLISTING ring of fire (300 gold, have 262).
  4447 | D:6      | 4447 ||| SHOPLISTING ring of ice (300 gold, have 262).
  4472 | D:6      | Found a staircase to the Ecumenical Temple.
  4490 | D:6      | Reached skill level 6 in Fighting
  4494 | D:6      | 4494 ||| FLEEEEING.
  4495 | D:6      | 4495 ||| FLEEEEING.
  4496 | D:6      | 4496 ||| FLEEEEING.
  4497 | D:6      | 4497 ||| FLEEEEING.
  4498 | D:6      | 4498 ||| FLEEEEING.
  4690 | D:6      | Reached XP level 9. HP: 52/55 MP: 9/9
  4795 | D:6      | Reached skill level 6 in Armour
  4807 | D:6      | 4807 ||| RIP OSSUARY
  4838 | D:6      | 4838 ||| PLANNING TEMPLE
  4845 | D:6      | 4845 ||| READING scroll labelled UHOUNOR ICVAS.
  5013 | Temple   | Entered the Ecumenical Temple
  5047 | Temple   | 5047 ||| PLANNING D:1-11
  5066 | D:6      | Found Hyuguora's Antique Armour Shoppe.
  5078 | D:6      | 5078 ||| SHOPLISTING runed plate armour (624 gold, have
                  | 284).
  5107 | D:6      | 5107 ||| Stepping ~*~*~tactically~*~*~ (hiding).
  5209 | D:6      | Found Nimuigg's Book Boutique.
  5433 | D:6      | 5433 ||| Stepping ~*~*~tactically~*~*~ (hiding).
  5577 | D:6      | Found Poxkom's General Store.
  5580 | D:6      | 5580 ||| BUYING scroll of identify (22 gold).
  5580 | D:6      | Bought a scroll of identify for 22 gold pieces
  5580 | D:6      | 5580 ||| BUYING scroll of teleportation (33 gold).
  5580 | D:6      | Bought a scroll of teleportation for 33 gold pieces
  5705 | D:6      | 5705 ||| READING 2 scrolls of identify.
  5705 | D:6      | 5705 ||| IDENTIFYING fizzy pink potion
  5706 | D:6      | 5706 ||| DROPPING potion of invisibility.
  5735 | D:7      | Identified the +1 ring mail "Ifomistru" {rElec Dex+2}
  5739 | D:7      | 5739 ||| Stepping ~*~*~tactically~*~*~ (stealth).
  5739 | D:7      | Found a sparkling altar of Nemelex Xobeh.
  5751 | D:7      | Reached skill level 9 in Axes
  5934 | D:7      | 5934 ||| READING scroll of enchant armour.
  5934 | D:7      | 5934 ||| ENCHANTING +1 pair of gloves.
  5941 | D:7      | Found a large runed translucent door.
  5941 | D:7      | Found a large runed translucent door.
  6005 | D:7      | 6005 ||| Stepping ~*~*~tactically~*~*~ (stealth).
  6007 | D:7      | Identified the +0 ring mail of Spring {rElec rPois Will+
                  | Str-4}
  6014 | D:7      | Found a transporter.
  6059 | D:7      | Found a transporter.
  6283 | D:7      | 6283 ||| READING scroll labelled SOESHEENOA.
  6283 | D:7      | Identified a scroll of acquirement
  6283 | D:7      | 6283 ||| ACQUIRING ring "Guud" {rPois rN+ Will+}
  6283 | D:7      | Acquired the ring "Guud" {rPois rN+ Will+}
  6285 | D:7      | 6285 ||| UPGRADING to ring "Guud" {rPois rN+ Will+}.
  6312 | D:8      | 6312 ||| Stepping ~*~*~tactically~*~*~ (hiding).
  6489 | D:8      | Found a shimmering blue altar of Sif Muna.
  6489 | D:8      | Found an ancient bone altar of Kikubaaqudgha.
  6489 | D:8      | Noticed Grum
  6506 | D:8      | Reached XP level 10. HP: 33/63 MP: 10/10
  6509 | D:8      | HP: 14/63 [Grum/+1 spear (9)]
  6510 | D:8      | 6510 ||| READING 2 scrolls of teleportation.
  6510 | D:8      | HP: 2/63 [Grum/+1 spear (12)]
  6511 | D:8      | Mangled by Grum

Levels and vault maps discovered:
D:1:      dpeg_arrival_refuge, layout_loops_ring
D:2:      layout_loops_corners
D:3:      layout_basic, nicolae_qazlal_scattered_showers, uniq_robin,
          uniq_natasha
D:4:      layout_cave_pods, serial_shops, shop, minmay_crystal_room,
          uniq_grinder
D:5:      layout_rooms, uniq_edmund
D:6:      layout_cave_pods, temple_fountains, serial_shops, shop_fountains,
          shop, shop, nicolae_shop_trees, nicolae_ossuary_entry_giza,
          chequers_serial_rivers_large_a
D:7:      gammafunk_steamed_eel, layout_cave_pools,
          nemelex_xobeh_ov_fountains_minmay, jmf_multi_god_temple2
D:8:      layout_loops_ring, gammafunk_temple_overflow_pools, uniq_grum
Temple:   hellmonk_temple_of_storms

Skill      XL: |  1  2  3  4  5  6  7  8  9 |
---------------+----------------------------+-----
Axes           | 2 3 4 5 6 7 8 9 |  9.3
Throwing       | 1 2 |  2.4
Fighting       | 4 6 7 |  7.0
Dodging        | 1 2 |  2.2
Armour         | 5 7 |  7.0
Shields        | 4 |  4.5

Action                     |  1- 3 |  4- 6 |  7- 9 | 10-12 || total
---------------------------+-------+-------+-------+-------++-------
  Melee: War axe           |    68 |   115 |   260 |     4 ||   447
  Throw: Javelin           |     6 |    15 |    35 |       ||    56
         Boomerang         |       |       |    44 |       ||    44
    Use: Scroll            |     2 |     7 |     8 |     1 ||    18
         Potion            |       |     2 |       |       ||     2
 Armour: Scale mail        |    21 |       |       |       ||    21
         Chain mail        |     4 |    80 |    44 |       ||   128
         Plate armour      |       |       |   109 |     5 ||   114
  Dodge: Dodged            |    31 |    56 |   107 |     2 ||   196
  Block: Buckler           |    13 |    24 |    50 |     1 ||    88

Table legend:
 A = Non-vault XP
 B = Vault XP
 C = Vault XP percentage of total XP
 D = Non-vault monster count
 E = Vault monster count
 F = Vault count percentage of total count
                 A         B        C        D         E       F
            +---------+---------+-------+---------+---------+-------
      Total |    3891 |     768 |  16.5 |     132 |      21 |  13.7
            +---------+---------+-------+---------+---------+-------
        D:1 |      42 |       0 |   0.0 |      25 |       0 |   0.0
        D:2 |      24 |       0 |   0.0 |       6 |       0 |   0.0
        D:3 |     324 |      73 |  18.4 |      24 |      14 |  36.8
        D:4 |     364 |     286 |  44.0 |      14 |       1 |   6.7
        D:5 |     436 |     154 |  26.1 |      12 |       1 |   7.7
        D:6 |    1674 |      20 |   1.2 |      31 |       3 |   8.8
        D:7 |     644 |       0 |   0.0 |      11 |       0 |   0.0
        D:8 |     383 |     235 |  38.0 |       9 |       2 |  18.2
            +---------+---------+-------+---------+---------+-------
